 Dungeon Crawl Stone Soup version 0.17-a0-1767-gccbed74 (webtiles) character file.

559 CuntPokingMan the Grappler (level 7, -10/60 HPs)
             Began as a Minotaur Monk on Sept 6, 2015.
             Was a Believer of Okawaru.
             Mangled by an ogre
             ... wielding a +0 giant club
              (15 damage)
             ... on level 4 of the Dungeon.
             The game lasted 00:23:12 (4236 turns).

CuntPokingMan the Grappler (Minotaur Monk)          Turns: 4236, Time: 00:23:12

Health: -10/60     AC:  5    Str: 16    XL:     7   Next: 9%
Magic:  6/6        EV: 14    Int:  7    God:    Okawaru [**....]
Gold:   148        SH:  0    Dex: 14    Spells: 0 memorised, 6 levels left

rFire  . . .     SeeInvis .       - Unarmed
rCold  . . .     Clarity  .     a - +1 robe
rNeg   . . .     SustAt   .     (no shield)
rPois  .         Gourm    .     (helmet restricted)
rElec  .         Spirit   .     g - +0 cloak
rCorr  .         Warding  .     (no gloves)
rMut   .         Stasis   .     l - +0 pair of boots
MR     .....                    n - amulet of rage
Stlth  ++........               (no ring)
                                (no ring)

@: not resistant to hostile enchantments, unstealthy
A: retaliatory headbutt, horns 2
a: Heroism, Renounce Religion, Evoke Berserk Rage


You were on level 4 of the Dungeon.
You worshipped Okawaru.
Okawaru was pleased with you.
You were not hungry.

You visited 1 branch of the dungeon, and saw 4 of its levels.
You also visited: Sewer.

You collected 148 gold pieces.

Inventory:

Armour
 a - a +1 robe (worn)
 g - a +0 cloak (worn)
 l - a +0 pair of boots (worn)
Jewellery
 n - an amulet of rage (around neck)
Scrolls
 c - 2 scrolls of enchant armour
 e - a scroll of fog
 f - 5 scrolls of identify
 h - 2 scrolls of remove curse
 j - 2 scrolls of amnesia
 m - a scroll of teleportation
Potions
 d - 8 potions of curing
 q - 2 potions of brilliance
 r - 3 potions of heal wounds
 s - 2 potions of agility
Comestibles
 b - 2 bread rations
 i - a meat ration
 k - a beef jerky


   Skills:
 * Level 4.8 Fighting
 * Level 4.7 Dodging
 - Level 1.5 Stealth
 * Level 8.2 Unarmed Combat


You had 6 spell levels left.
You didn't know any spells.

Dungeon Overview and Level Annotations

Branches:
Dungeon (4/15)
 Temple: D:4-7

Altars:
Okawaru

Annotations:
D:4 Dowan, Duvessa, Pikel


Innate Abilities, Weirdness & Mutations

You reflexively headbutt those who attack you in melee.
You have a pair of horns on your head.


Message History

There is a collapsed entrance here.
You enter the shallow water.
Moving in this stuff is going to be slow.
You see here an adder skeleton.
An ogre comes into view. It is wielding a giant club.
The ogre shouts!
You barely miss the ogre. The ogre hits you with a giant club!!
You barely miss the ogre. The ogre hits you with a giant club.
You barely miss the ogre. You punch the ogre.
The ogre is lightly wounded.
You barely miss the ogre.
The ogre is lightly wounded.
The ogre hits you with a giant club!!
* * * LOW HITPOINT WARNING * * *
You hit the ogre.
The ogre is lightly wounded.
You punch the ogre!
The ogre is heavily wounded.
The ogre hits you with a giant club!
You die...

#.............. ##
###....#...#### #.
.......#...#
#.######...#.†.##
###.#........+....#
#.....####...####.#
#................<###
#....####.....###.#..
#...@+ #.....###.#..
#..O.# #.....[......
#....# #≈#..####.#..
#....# #÷#..# #.#..
#....# #≈#### #.##.
#....# #≈# #....
#....# #≈# #####
###### #≈# #≈#


You could see an ogre.

Vanquished Creatures
  3 big kobolds (Sewer)
  An orc wizard (D:3)
  Crazy Yiuf (D:2)
  An orc priest (D:3)
  10 river rats (Sewer)
  5 adders
  A gnoll (D:3)
  An ooze (D:2)
  A worm (D:3)
  8 orcs (D:3)
  11 bats
  4 giant cockroaches
  5 hobgoblins
  3 jackals (D:2)
  23 kobolds
  A quokka (D:3)
  6 ball pythons
  3 giant geckos
  5 giant newts
  11 goblins
  21 rats
125 creatures vanquished.

Notes
Turn   | Place    | Note
--------------------------------------------------------------
     0 | D:1      | CuntPokingMan the Minotaur Monk began the quest for the Orb.
     0 | D:1      | Reached XP level 1. HP: 19/19 MP: 0/0
     2 | D:1      | Noticed a demonspawn
     4 | D:1      | Noticed a dwarf
     4 | D:1      | Noticed a formicid
     6 | D:1      | Noticed a human
     6 | D:1      | Noticed a vampire
     8 | D:1      | Noticed a vine stalker
    10 | D:1      | Noticed a tengu
    10 | D:1      | Noticed a centaur
    12 | D:1      | Noticed an elf
    14 | D:1      | Noticed a minotaur
    14 | D:1      | Noticed a naga
    16 | D:1      | Noticed a ghoul
    16 | D:1      | Noticed a spriggan
    18 | D:1      | Noticed a draconian
    18 | D:1      | Noticed a gargoyle
    20 | D:1      | Noticed a felid
    22 | D:1      | Noticed a troll
    24 | D:1      | Noticed a merfolk
    24 | D:1      | Noticed a demigod
    26 | D:1      | Noticed an ogre
    26 | D:1      | Noticed an octopode
   246 | D:1      | Reached XP level 2. HP: 27/27 MP: 1/1
  1091 | D:2      | Reached XP level 3. HP: 14/33 MP: 2/2
  1662 | D:2      | Noticed Crazy Yiuf
  1666 | D:2      | Killed Crazy Yiuf
  1666 | D:2      | Reached skill level 5 in Unarmed Combat
  1666 | D:2      | Reached XP level 4. HP: 41/41 MP: 3/3
  2528 | D:3      | Reached skill level 6 in Unarmed Combat
  2528 | D:3      | Reached XP level 5. HP: 43/47 MP: 4/4
  2621 | D:3      | Found an iron altar of Okawaru.
  2652 | D:3      | Became a worshipper of Warmaster Okawaru
  2652 | D:3      | Acquired Okawaru's first power
  3081 | D:4      | Noticed Duvessa
  3081 | D:4      | Noticed Dowan
  3081 | D:4      | Noticed Pikel
  3081 | D:4      | Noticed a slave
  3081 | D:4      | Noticed a slave
  3081 | D:4      | Noticed a slave
  3081 | D:4      | Noticed a slave
  3141 | D:4      | Found a glowing drain.
  3156 | Sewer    | Entered a sewer
  3403 | Sewer    | Reached skill level 7 in Unarmed Combat
  3403 | Sewer    | Reached XP level 6. HP: 46/53 MP: 5/5
  3598 | Sewer    | Reached skill level 8 in Unarmed Combat
  3846 | Sewer    | Reached XP level 7. HP: 49/60 MP: 6/6
  4227 | D:4      | Noticed an ogre
  4236 | D:4      | Mangled by an ogre

Vault maps used:
D:1:      kb_arrival_jail, nrook_mini_vaults
D:2:      minmay_misc_feat_square, uniq_crazy_yiuf_cottage
D:3:      minmay_misc_feat_alley, okawaru_altar_gauntlet_db
D:4:      portal_sewer_entry_d, first_bread, uniq_duvessa, uniq_pikel
Sewer:    sewer_minmay_treatment

Action                   |  1- 3 |  4- 6 |  7- 9 || total
-------------------------+-------+-------+-------++-------
Melee: Unarmed           |    89 |   176 |     9 ||   274
  Use: Scroll            |     7 |     3 |     1 ||    11
       Potion            |     3 |     5 |     2 ||    10
 Stab: Sleeping          |       |     5 |       ||     5
  Eat: Fruit             |     4 |       |       ||     4
       Bread ration      |     1 |       |       ||     1
       Royal jelly       |     1 |       |       ||     1
       Pizza             |       |       |     1 ||     1
